[Event "98th Caplin Hastings Masters 2024-25"]
[Site "Hastings"]
[Date "2025.01.02"]
[Round "8.47"]
[White "Jacobs, Simon"]
[Black "Vaidyanathan, Sathya"]
[Result "0-1"]
[ECO "C47"]
[WhiteElo "1873"]
[BlackElo "1908"]
[Annotator "NA RC"]
[PlyCount "36"]
[EventDate "2024.12.23"]
[EventType "swiss"]
[EventCountry "ENG"]
[SourceTitle "playchess.com"]
[Source "ChessBase"]
[SourceQuality "1"]
[TimeControl "5400+30"]

1. e4 e5 2. Nf3 Nc6 3. Nc3 Nf6 4. d4 exd4 5. Nxd4 Nxe4 6. Nxe4 Qe7 7. f3 d5 8. Nxc6 bxc6 9. Qe2 dxe4 10. Qxe4 Qxe4+ 11. fxe4 Bc5 12. Bd2 O-O 13. O-O-O Bg4 14. Re1 Bf2 15. Bc4 Bxe1 16. Rxe1 Be6 17. Bd3 Rfd8 18. Be3 Bxa2 0-1

[Event "98th Caplin Hastings Masters 2024-25"]
[Site "Hastings"]
[Date "2025.01.02"]
[Round "8.48"]
[White "Norinkeviciute, Rasa"]
[Black "Rubeck, Jonathan"]
[Result "1-0"]
[ECO "A26"]
[WhiteElo "1952"]
[BlackElo "1824"]
[Annotator "NA RC"]
[PlyCount "99"]
[EventDate "2024.12.23"]
[EventType "swiss"]
[EventCountry "ENG"]
[SourceTitle "playchess.com"]
[Source "ChessBase"]
[SourceQuality "1"]
[TimeControl "5400+30"]

1. c4 Nf6 2. g3 g6 3. Bg2 Bg7 4. Nc3 e5 5. d3 d6 6. e4 Nc6 7. Nge2 Be6 8. h3 Qd7 9. Be3 a6 10. a3 h5 11. Nd5 b5 12. b4 O-O 13. Rc1 bxc4 14. dxc4 Nh7 15. c5 Rab8 16. Qd3 Ra8 17. cxd6 cxd6 18. Nb6 Qb7 19. Nxa8 Qxa8 20. O-O Rd8 21. Rfd1 Bf6 22. Qc3 Ne7 23. Qc7 Rd7 24. Qc2 Ng5 25. Kh2 Kg7 26. Nc3 Rd8 27. Qd2 Nh7 28. Nd5 Bxd5 29. exd5 Nf5 30. Bb6 Rb8 31. Bc7 Rb7 32. Rc6 Nd4 33. Bxd6 Ng5 34. Rc3 Nb5 35. h4 e4 36. Rc6 Nf3+ 37. Bxf3 exf3 38. Bc5 Rd7 39. Rxf6 Kxf6 40. Qb2+ Kf5 41. Rd3 Rxd5 42. Rxf3+ Ke6 43. Qf6+ Kd7 44. Qxf7+ Kc6 45. Rf6+ Nd6 46. Qxg6 Kb5 47. Rxd6 Re5 48. Rb6+ Kc4 49. Qc2+ Kd5 50. Qd3# 1-0

[Event "98th Caplin Hastings Masters 2024-25"]
[Site "Hastings"]
[Date "2025.01.02"]
[Round "8.49"]
[White "Flynn, David"]
[Black "Choi, Hyunbin"]
[Result "1-0"]
[ECO "C41"]
[WhiteElo "1834"]
[BlackElo "1673"]
[Annotator "NA RC"]
[PlyCount "39"]
[EventDate "2024.12.23"]
[EventType "swiss"]
[EventCountry "ENG"]
[SourceTitle "playchess.com"]
[Source "ChessBase"]
[SourceQuality "1"]
[TimeControl "5400+30"]

1. e4 e5 2. Nf3 d6 3. d4 exd4 4. Nxd4 Nf6 5. Nc3 Be7 6. g3 O-O 7. Bg2 Re8 8. O-O Bf8 9. h3 Nbd7 10. b3 Nc5 11. Re1 g6 12. Bb2 Bg7 13. Qd2 Rb8 14. Rad1 Ne6 15. Nf3 Nc5 16. e5 Nfd7 17. exd6 Ne5 18. Nxe5 Bxe5 19. dxc7 Qxc7 20. Nb5 1-0

[Event "98th Caplin Hastings Masters 2024-25"]
[Site "Hastings"]
[Date "2025.01.02"]
[Round "8.50"]
[White "Chapman, Luke"]
[Black "Miller, Daniel"]
[Result "1-0"]
[ECO "B23"]
[WhiteElo "1706"]
[BlackElo "2093"]
[Annotator "NA RC"]
[PlyCount "53"]
[EventDate "2024.12.23"]
[EventType "swiss"]
[EventCountry "ENG"]
[SourceTitle "playchess.com"]
[Source "ChessBase"]
[SourceQuality "1"]
[TimeControl "5400+30"]

1. e4 c5 2. Nc3 d6 3. f4 g6 4. Nf3 Bg7 5. Bb5+ Bd7 6. a4 Nc6 7. d3 a6 8. Bxc6 Bxc6 9. a5 b5 10. axb6 Qxb6 11. O-O Nf6 12. Qe1 O-O 13. Qh4 c4+ 14. Kh1 cxd3 15. cxd3 e6 16. Nd2 Qd8 17. Nc4 Nh5 18. Qf2 d5 19. Na5 Bxc3 20. bxc3 Bd7 21. Ba3 Re8 22. Nb7 Qc7 23. Nd6 Red8 24. f5 exf5 25. exf5 Nf6 26. fxg6 Ng4 27. Qxf7+ 1-0

[Event "98th Caplin Hastings Masters 2024-25"]
[Site "Hastings"]
[Date "2025.01.02"]
[Round "8.51"]
[White "Prudent, Sylvio"]
[Black "Kim, Nayoon B"]
[Result "0-1"]
[ECO "A06"]
[WhiteElo "1780"]
[BlackElo "1663"]
[Annotator "NA RC"]
[PlyCount "158"]
[EventDate "2024.12.23"]
[EventType "swiss"]
[EventCountry "ENG"]
[SourceTitle "playchess.com"]
[Source "ChessBase"]
[SourceQuality "1"]
[TimeControl "5400+30"]

1. Nf3 d5 2. b3 Nc6 3. Bb2 Nf6 4. e3 a6 5. d4 Bf5 6. a3 e6 7. Bd3 Bg6 8. O-O Be7 9. Ne5 Nxe5 10. dxe5 Nd7 11. c4 dxc4 12. Bxc4 Nb6 13. Be2 O-O 14. Nc3 c5 15. Bf3 Qc7 16. Ne4 Nd5 17. Rc1 Qb6 18. Nd6 Nc7 19. b4 Rfd8 20. Qe2 Bxd6 21. exd6 Qxd6 22. Rfd1 Qe7 23. Rxc5 Nb5 24. Rdc1 Qd7 25. h3 h6 26. a4 Nd6 27. Qd1 Qe8 28. Qb3 Rac8 29. Rc7 Rxc7 30. Rxc7 Rc8 31. Qc3 f6 32. Rxc8 Nxc8 33. Bxb7 Nb6 34. Qc6 Nxa4 35. Bd4 Qxc6 36. Bxc6 Bc2 37. f4 Kf7 38. Kf2 Ke7 39. Ke2 Bb3 40. Kd3 Kd6 41. Bb7 Bd5 42. Bxa6 Bxg2 43. Ke2 Kc7 44. h4 Bc6 45. Kf2 Nb6 46. Kg3 Nd5 47. b5 Bb7 48. Kg4 g6 49. e4 f5+ 50. Kf3 Ne7 51. Bxb7 Kxb7 52. h5 gxh5 53. Bc5 Ng6 54. Bd4 h4 55. Bf6 Kb6 56. exf5 exf5 57. Kg2 Nxf4+ 58. Kh2 Kxb5 59. Bxh4 Kc4 60. Kg3 Ng6 61. Bf6 Kd3 62. Kf3 Kd2 63. Kf2 h5 64. Bg5+ Kd3 65. Kf3 h4 66. Bd8 Kd4 67. Bf6+ Kd5 68. Bd8 Ke6 69. Bg5 Ke5 70. Bd8 f4 71. Bc7+ Kf5 72. Kg2 Kg4 73. Bd6 h3+ 74. Kh2 f3 75. Bg3 Nf4 76. Bf2 Nd3 77. Be3 f2 78. Bxf2 Nxf2 79. Kg1 Kg3 0-1

[Event "98th Caplin Hastings Masters 2024-25"]
[Site "Hastings"]
[Date "2025.01.02"]
[Round "8.52"]
[White "Graham, Oliver"]
[Black "Bryant, Marc A"]
[Result "1-0"]
[ECO "C55"]
[WhiteElo "1789"]
[BlackElo "1825"]
[Annotator "NA RC"]
[PlyCount "109"]
[EventDate "2024.12.23"]
[EventType "swiss"]
[EventCountry "ENG"]
[SourceTitle "playchess.com"]
[Source "ChessBase"]
[SourceQuality "1"]
[TimeControl "5400+30"]

1. e4 e5 2. Nf3 Nc6 3. Bc4 Nf6 4. d3 h6 5. Nc3 d6 6. h3 g5 7. a3 g4 8. hxg4 Bxg4 9. Be3 h5 10. Qd2 Bxf3 11. gxf3 Nd4 12. Bxd4 exd4 13. Ne2 c5 14. Bb5+ Nd7 15. Qf4 a6 16. Bc4 Qf6 17. Qxf6 Nxf6 18. Ng3 Bh6 19. Nf5 Bf4 20. Ke2 b5 21. Ba2 Rh7 22. Rag1 Kd7 23. Rh4 Bh6 24. Nxh6 Rxh6 25. Bxf7 Rf8 26. Rg7 Ne8 27. Bxe8+ Kxe8 28. f4 Rf7 29. Rg8+ Rf8 30. Rxf8+ Kxf8 31. f5 Ke7 32. Kf3 Kf6 33. Rh1 d5 34. Kf4 dxe4 35. dxe4 Rh8 36. e5+ Ke7 37. Rh4 c4 38. Ke4 d3 39. cxd3 cxd3 40. Kxd3 Rd8+ 41. Ke3 Rd5 42. f4 Rd1 43. Rxh5 Re1+ 44. Kf2 Rb1 45. Rh7+ Ke8 46. f6 Rxb2+ 47. Kf3 Rb3+ 48. Ke4 Rxa3 49. e6 Ra4+ 50. Ke5 Kd8 51. Rh8+ Kc7 52. f7 Kb7 53. e7 Ka7 54. e8=Q Ra5 55. Qb8# 1-0

[Event "98th Caplin Hastings Masters 2024-25"]
[Site "Hastings"]
[Date "2025.01.02"]
[Round "8.53"]
[White "Han, Yongsu"]
[Black "Butt, Laurence"]
[Result "1-0"]
[ECO "B00"]
[WhiteElo "1718"]
[BlackElo "1818"]
[Annotator "NA RC"]
[PlyCount "91"]
[EventDate "2024.12.23"]
[EventType "swiss"]
[EventCountry "ENG"]
[SourceTitle "playchess.com"]
[Source "ChessBase"]
[SourceQuality "1"]
[TimeControl "5400+30"]

1. e4 Nc6 2. Nf3 d6 3. d4 Bg4 4. Bb5 a6 5. Bxc6+ bxc6 6. O-O g6 7. h3 Bd7 8. Re1 Bg7 9. e5 h6 10. Bf4 Kf8 11. c4 g5 12. Bh2 g4 13. hxg4 Bxg4 14. Nbd2 e6 15. Qa4 Ne7 16. Rac1 h5 17. exd6 cxd6 18. c5 d5 19. Bd6 Qd7 20. Ne5 Bxe5 21. Rxe5 f6 22. Re3 Kf7 23. Bxe7 Kxe7 24. Nf3 h4 25. Rcc3 h3 26. g3 Bxf3 27. Rxf3 h2+ 28. Kh1 e5 29. dxe5 fxe5 30. Qa5 d4 31. Rb3 Ke6 32. Qd2 Kd5 33. Rf6 Raf8 34. Rd6+ Qxd6 35. cxd6 Kxd6 36. Rb7 Rd8 37. Rg7 Kd5 38. Rg6 c5 39. Rh6 Rhf8 40. Kxh2 Rf3 41. Rxa6 Rdf8 42. Kg2 e4 43. Ra3 d3 44. Ra5 Kd6 45. a3 R8f5 46. b4 1-0